 Dungeon Crawl Stone Soup version 0.28-a0-1002-gf00fe891ef (webtiles) character file.

Game seed: 16719432817034895312

87 fragbeetle the Covered (level 4, -9/39 (40) HPs)
             Began as a Minotaur Fighter on Dec 7, 2021.
             Mangled by Crazy Yiuf (10 damage)
             ... on level 2 of the Dungeon.
             The game lasted 00:03:18 (1997 turns).

fragbeetle the Covered (Minotaur Fighter)           Turns: 1997, Time: 00:03:19

HP:   -9/39 (40)    AC:  7    Str: 21    XL:     4   Next: 28%
MP:   3/3           EV:  9    Int:  7    God:
Gold: 73            SH:  4    Dex:  9    Spells: 3/3 levels left

rFire   . . .      SeeInvis .   a - +0 war axe
rCold   . . .      Faith    .   c - +0 buckler
rNeg    . . .      Spirit   .   b - +0 scale mail
rPois   .          Reflect  .   (helmet restricted)
rElec   .          Harm     .   (no cloak)
rCorr   .          Rampage  .   (no gloves)
Will    .....                   (no boots)
Stlth   ..........              (no amulet)
HPRegen 0.13/turn               (no ring)
MPRegen 0.08/turn               (no ring)

@: lethally poisoned (-9 -> -16), lightly drained
A: horns 2, retaliatory headbutt
a: no special abilities


You were on level 2 of the Dungeon.
You visited 1 branch of the dungeon, and saw 2 of its levels.

You collected 73 gold pieces.

Inventory:

Hand Weapons
 a - a +0 war axe (weapon)
Armour
 b - a +0 scale mail (worn)
 c - a +0 buckler (worn)
Magical Staves
 e - a staff of death
Scrolls
 f - a scroll of identify {unknown}
 i - a scroll of teleportation {unknown}
 j - a scroll of brand weapon {unknown}
Potions
 d - a potion of might
 g - a potion of curing {unknown}
 h - a potion of heal wounds {unknown}


   Skills:
 + Level 4.1 Fighting
 + Level 3.9 Axes
 + Level 4.4 Armour
 + Level 4.2 Shields


You had 3 spell levels left.
You didn't know any spells.
Your spell library contained the following spells:

 Spells                   Type           Power      Damage    Failure   Level
 Slow                     Hex            0%         N/A       77%         1
 Confusing Touch          Hex            0%         N/A       98%         3
 Yara's Violent Unravell  Hex/Tmut       0%         3d3       100%        5


Dungeon Overview and Level Annotations

Branches:
Dungeon (2/15)

Altars:

Shops:
D:1 =

Annotations:
D:2 Crazy Yiuf


Innate Abilities, Weirdness & Mutations

You have a pair of horns on your head.
You reflexively headbutt those who attack you in melee.


Message History

You open the door.
There is an open door here.
There is an open door here.
You see here a +0 dagger of flaming.
There is a stone staircase leading down here.
There is a stone staircase leading down here.
j - a scroll labelled ZUIDDIT WIR GIAP
There is a stone staircase leading down here.
You open the door.
There is an open door here.
Found a mace.
Found a runed translucent door.
Crazy Yiuf shouts!
Crazy Yiuf whimpers, "Snower spinner bag!"
As you open the door, it creaks loudly!
There is an open door here.
An endoplasm comes into view.
The endoplasm quivers.
The endoplasm moves out of view.
There is an open door here.
You slash the endoplasm!
You kill the endoplasm!
You open the door. You closely miss Crazy Yiuf.
Crazy Yiuf hits you with a +2 quarterstaff of chaos!
You are poisoned.
You barely miss Crazy Yiuf.
You feel very sick.
Crazy Yiuf flaps his cloak.
Crazy Yiuf hits you with a +2 quarterstaff of chaos!
Crazy Yiuf freezes you.
* * * LOW HITPOINT WARNING * * *
Crazy Yiuf hits you with a +2 quarterstaff of chaos!
* * * LOW HITPOINT WARNING * * *
You feel drained.
You slash Crazy Yiuf!
Crazy Yiuf is heavily wounded.
* * * LOW HITPOINT WARNING * * *
You feel very sick.
Crazy Yiuf hits you with a +2 quarterstaff of chaos!
You die...

#.###.....### ##.##
##.# #.#.........#
#..###.##
#.#.........# #'#.#.##
#.########### #..#.##
#.# #...## #.#
♣♣♣♣♣##....## #.# ###
♣♣♣.♣...#.....### ###
#...#♣..♣..........'..
#...g@♣♣♣♣.........###
#)..#♣♣ ♣♣..#....##
### ♣♣##...## #..##
#'## #.# #.# #.#
.........#


You could see Crazy Yiuf.

Vanquished Creatures
  A hound skeleton (D:2)
  Robin (D:2)
  A gnoll (D:1)
  5 endoplasms
  5 giant cockroaches
  8 hobgoblins (D:2)
  3 kobolds
  2 quokkas (D:2)
  A ball python (D:1)
  4 bats
  3 frilled lizards (D:1)
  13 goblins
  3 rats
50 creatures vanquished.

Notes
Turn   | Place    | Note
-------+----------+-------------------------------------------
     0 | D:1      | fragbeetle the Minotaur Fighter began the quest for the
                  | Orb.
     0 | D:1      | Reached XP level 1. HP: 19/19 MP: 0/0
    42 | D:1      | Found Uhet's Jewellery Boutique.
   364 | D:1      | Reached XP level 2. HP: 21/27 MP: 1/1
   438 | D:1      | Found a faded altar of an unknown god.
   971 | D:1      | Reached XP level 3. HP: 33/33 MP: 2/2
  1457 | D:2      | Noticed Robin
  1475 | D:2      | Reached XP level 4. HP: 33/40 MP: 3/3
  1479 | D:2      | Killed Robin
  1952 | D:2      | Found a runed translucent door.
  1953 | D:2      | Noticed Crazy Yiuf
  1997 | D:2      | HP: 1/39 [poisoned by Crazy Yiuf]
  1997 | D:2      | Mangled by Crazy Yiuf

Illustrated notes

Levels and vault maps discovered:
D:1:      giann_bridges, layout_loops_ring, serial_shops, shop,
          hellmonk_ecumenical_altar_arch_garden
D:2:      layout_loops_corners, serial_glass, glass_columns_b, glass_columns_c,
          uniq_crazy_yiuf_cottage, uniq_robin

Skill      XL: |  1  2 |
---------------+-------+-----
Fighting       | 4 |  4.1
Armour         | 4 |  4.4
Shields        | 4 |  4.2
Axes           | 3 |  3.9

Action                   |  1- 3 |  4- 6 || total
-------------------------+-------+-------++-------
Melee: War axe           |    88 |    17 ||   105
       Headbutt          |     8 |     2 ||    10
Armor: Scale mail        |    43 |     5 ||    48
Dodge: Dodged            |    32 |     6 ||    38
Block: Buckler           |    33 |     1 ||    34

Table legend: (Time is in decaauts)
 A = Elapsed time spent in this place.
 B = Non-inter-level travel time spent in this place.
 C = Inter-level travel time spent in this place.
 D = Time resting spent in this place.
 E = Time spent auto-exploring this place.
 F = Levels seen in this place.
 G = Mean time per level.
                   A        B        C        D        E       F      G
               +--------+--------+--------+--------+--------+-----+--------+
         Total |   2032 |   2007 |     25 |    257 |   1378 |   2 | 1016.0 |
       Dungeon |   2032 |   2007 |     25 |    257 |   1378 |   2 | 1016.0 |
               +--------+--------+--------+--------+--------+-----+--------+

Top non-repeatable levels by time:
     D:1: 1054 daAuts
     D:2: 977 daAuts
